 Dungeon Crawl Stone Soup version 0.32-a0-43-g058985b245 (webtiles) character file.

Game seed: 5327293800171684944

34 cforsyth the Magician (level 3, -5/29 HPs)
             Began as a Djinni Warper on Feb 4, 2024.
             Slain by a gnoll
             ... wielding a +0 flail
              (10 damage)
             ... on level 2 of the Dungeon.
             The game lasted 00:01:42 (1617 turns).

cforsyth the Magician (Djinni Warper)               Turns: 1617, Time: 00:01:43

Health: -5/29      AC:  4    Str: 10    XL:     3   Next: 50%
Gold:   85         EV: 11    Int: 16    God:
                   SH:  0    Dex: 12

rFire   + + .        a - +0 falchion
rCold   . . .        (no shield)
rNeg    . . .        b - +0 leather armour
rPois   ∞            f - +0 helmet
rElec   .            (no cloak)
rCorr   .            (no gloves)
SInv    .            (boots unavailable)
Will    .....        (no amulet)
Stlth   +            j - ring of protection from cold
HPRegen 0.24/turn    (no ring)
MPRegen 0.00/turn

%: infuse magic (-6 HP)
@: flying
A: sickness immunity, fire resistance 2, cold vulnerability 1, float, innate
caster, HP casting, extra vitality 1
a: no special abilities


You were on level 2 of the Dungeon.
You visited 1 branch of the dungeon, and saw 2 of its levels.

You collected 85 gold pieces.

Inventory:

Hand Weapons
 a - a +0 falchion (weapon)
Missiles
 d - 5 darts of dispersal
Armour
 b - a +0 leather armour (worn)
 f - a +0 helmet (worn)
Jewellery
 j - a ring of protection from cold (left hand)
 l - a +6 ring of intelligence
Scrolls
 c - 2 scrolls of blinking
 g - a scroll of torment {unknown}
 m - a scroll of poison {unknown}
Potions
 e - a potion of heal wounds {unknown}
 h - a potion of haste {unknown}
 i - a potion of curing {unknown}
 k - 2 potions of lignification {unknown}
 n - a potion of invisibility {unknown}
 o - a potion of attraction {unknown}


   Skills:
 + Level 2.9 Fighting
 - Level 1.7 Long Blades
 - Level 0.7 Throwing
 - Level 1.0 Armour
 - Level 2.1 Dodging
 + Level 3.3 Spellcasting
 + Level 3.3 Conjurations
 + Level 3.3 Hexes
 + Level 3.3 Summonings
 + Level 3.3 Necromancy
 + Level 3.3 Translocations
 + Level 3.3 Fire Magic
 + Level 3.3 Ice Magic
 + Level 3.3 Air Magic
 + Level 3.3 Earth Magic
 + Level 3.3 Alchemy


You knew the following spells:

 Your Spells              Type           Power      Damage    Failure   Level
a - Blink                 Tloc           26%        N/A       10%         2
b - Lesser Beckoning      Tloc           26%        N/A       10%         2
c - Teleport Other        Tloc           13%        N/A       19%         3
d - Manifold Assault      Tloc           13%        N/A       52%         4
e - Vhi's Electric Charg  Tloc/Air       26%        N/A       52%         4
f - Necrotise             Necr           52%        1d6       6%          1
Your spell library was empty.

Dungeon Overview and Level Annotations

Branches:
Dungeon (2/15)

Altars:


Innate Abilities, Weirdness & Mutations

You are immune to sickness and miasma.
You are immune to poison.
Your flesh is very heat resistant. (rF++)
You are vulnerable to cold. (rC-)
You float through the air rather than walking.
You learn spells naturally, not from books.
Your magical power is your life essence.
You have superior vitality. (+4 MHP)


Message History

There is an open door here.
You swap places.
Your bat skeleton crumbles into dust!
A frilled lizard comes into view.
The frilled lizard hisses angrily.
A frilled lizard is nearby!
A frilled lizard is nearby!
A frilled lizard is nearby!
The frilled lizard writhes in agony.
You kill the frilled lizard!
The dead are walking!
You can't see any susceptible monsters within range! (Use Z to cast anyway.)
You can't see any susceptible monsters within range! (Use Z to cast anyway.)
Found an escape hatch in the ceiling.
Your frilled lizard skeleton crumbles into dust!
You reach down and open the door. 3 gnolls come into view.
A gnoll is wielding a +1 halberd of venom.
A gnoll is wielding a +0 flail and quivering 2 throwing nets.
The gnoll shouts! x3
The gnoll moves out of view.
A gnoll comes into view. It is wielding a +0 flail.
There are monsters nearby!
There are monsters nearby!
The gnoll writhes in agony.
The gnoll shouts!
Casting: Necrotise (safe; 6% risk of failure)
Confirm with . or Enter, or press ? or * to list all spells.
Okay, then.
The gnoll writhes in agony.
The gnoll barely resists.
The gnoll attacks as it pursues you! The gnoll misses you.
The gnoll attacks as it pursues you! The gnoll hits you but does no damage.
The gnoll attacks as it pursues you! The gnoll completely misses you.
The gnoll attacks as it pursues you! The gnoll hits you with a +0 flail!
The gnoll attacks as it pursues you! The gnoll hits you with a +0 flail.
The gnoll attacks as it pursues you! The gnoll hits you with a +0 flail!
The gnoll attacks as it pursues you! The gnoll hits you with a +0 flail!
* * * LOW HITPOINT WARNING * * *
The gnoll attacks as it pursues you! The gnoll hits you with a +0 flail!
You die...

#...# #.###.##.......
... #.# #..........
##'##
######.###.#........
#...#
#...................
#.#.##
+.........#.#.......
.###g#
##......##.#.#.......
. #.##
........<..#.#.......
##.#
#######.####.##......
#.##
#.g@........#######'
##.# #.########### #Z
#g# #.# #. #g# #g# ##
#.# #.# #g# #g# #.#
#g# #.#######.#
#..gg.g...#


You could see a gnoll.

Vanquished Creatures
  A dart slug (D:1)
  3 bats
  6 endoplasms (D:1)
  A giant cockroach (D:2)
  2 goblins (D:1)
  2 hobgoblins
  2 jackals (D:1)
  A kobold (D:1)
  A quokka (D:2)
  A ball python (D:1)
  6 frilled lizards
  2 rats (D:1)
28 creatures vanquished.

Notes
Turn   | Place    | Note
-------+----------+-------------------------------------------
     0 | D:1      | cforsyth the Djinni Warper began the quest for the Orb.
     0 | D:1      | cforsyth set off with the following spells memorised:
                  | Blink, Lesser Beckoning, Teleport Other, Manifold Assault,
                  | Vhi's Electric Charge.
     0 | D:1      | Reached XP level 1. HP: 18/18 MP: 0/0
   325 | D:1      | Reached XP level 2. HP: 20/23 MP: 0/0
   699 | D:1      | Reached XP level 3. HP: 29/29 MP: 0/0
   699 | D:1      | Learned a level 1 spell: Necrotise
  1617 | D:2      | Slain by a gnoll

Illustrated notes

Levels and vault maps discovered:
D:1:      enne_arrival_octagon_isle, layout_loops_corners
D:2:      layout_basic, grunt_decor_clamped

Skill      XL: |  1 |
---------------+----+-----
Spellcasting   | 3 |  3.3
Conjurations   | 3 |  3.3
Hexes          | 3 |  3.3
Summonings     | 3 |  3.3
Necromancy     | 3 |  3.3
Translocations | 3 |  3.3
Fire Magic     | 3 |  3.3
Ice Magic      | 3 |  3.3
Air Magic      | 3 |  3.3
Earth Magic    | 3 |  3.3
Alchemy        | 3 |  3.3
Fighting       | |  2.9
Long Blades    | |  1.7
Throwing       | |  0.7
Armour         | |  1.0
Dodging        | |  2.1

Action                     || total
---------------------------++-------
  Melee: Falchion          ||    48
  Throw: Dart              ||     2
   Cast: Necrotise         ||    30
         Teleport Other    ||     1
         Blink             ||     1
   Stab: Sleeping          ||     1
 Armour: Leather armour    ||    39
  Dodge: Dodged            ||    26

Table legend: (Time is in decaauts)
 A = Elapsed time spent in this place.
 B = Non-inter-level travel time spent in this place.
 C = Inter-level travel time spent in this place.
 D = Time resting spent in this place.
 E = Time spent auto-exploring this place.
 F = Levels seen in this place.
 G = Mean time per level.
                   A        B        C        D        E       F      G
               +--------+--------+--------+--------+--------+-----+--------+
         Total |   1626 |   1575 |     51 |      0 |   1317 |   2 |  813.0 |
       Dungeon |   1626 |   1575 |     51 |      0 |   1317 |   2 |  813.0 |
               +--------+--------+--------+--------+--------+-----+--------+

Top non-repeatable levels by time:
     D:1: 1047 daAuts
     D:2: 578 daAuts
